 Dungeon Crawl Stone Soup version 0.30-a0-23-ge60ba3568b (webtiles) character file.

Game seed: 16222198735057622423

95 purpskrrrp the Shooter (level 4, -3/31 (33) HPs)
             Began as a Demonspawn Hunter on Aug 26, 2022.
             Was a Follower of Okawaru.
             Slain by Crazy Yiuf
             ... wielding a +4 quarterstaff of chaos
              (6 damage)
             ... on level 3 of the Dungeon.
             The game lasted 00:06:02 (2431 turns).

purpskrrrp the Shooter (Demonspawn Hunter)          Turns: 2431, Time: 00:06:02

HP:   -3/31 (33)    AC:  3    Str:  8 (11) XL:     4   Next: 40%
MP:   4/4           EV: 11    Int:  8 (10) God:    Okawaru [*.....]
Gold: 102           SH:  4    Dex: 17 (19) Spells: 3/3 levels left

rFire   . . .      SeeInvis .    a - +0 shortbow
rCold   . . .      Faith    .    (shield currently unavailable)
rNeg    . . .      Spirit   .    c - +0 leather armour
rPois   .          Reflect  .    (no helmet)
rElec   .          Harm     +    k - scarf {harm}
rCorr   .          Rampage  .    (no gloves)
Will    .....                    (no boots)
Stlth   ++........               (no amulet)
HPRegen 0.10/turn                (no ring)
MPRegen 0.09/turn                (no ring)

@: drained, invisible
A: claws 1, powered by death 1, condensation shield
a: Renounce Religion, Heroism


You were on level 3 of the Dungeon.
You worshipped Okawaru.
Okawaru was aware of your devotion.
You visited 1 branch of the dungeon, and saw 3 of its levels.

You collected 102 gold pieces.

Inventory:

Hand Weapons
 a - a +0 shortbow (weapon)
Armour
 c - a +0 leather armour (worn)
 k - a scarf of harm (worn)
Jewellery
 q - a ring of ice
Wands
 v - a wand of iceblast (11)
Scrolls
 b - a scroll of immolation
 d - a scroll of blinking {unknown}
 e - 4 scrolls of teleportation
 g - 2 scrolls of identify {unknown}
 i - a scroll of poison {unknown}
 n - a scroll of noise {unknown}
 o - 2 scrolls of magic mapping {unknown}
 s - 2 scrolls of vulnerability {unknown}
 w - a scroll of enchant weapon {unknown}
 x - a scroll of fear {unknown}
Potions
 f - a potion of curing {unknown}
 h - 4 potions of degeneration
 j - a potion of berserk rage {unknown}
 l - a potion of lignification {unknown}
 m - a potion of mutation {unknown}
 p - a potion of brilliance {unknown}
 r - a potion of attraction {unknown}
 t - a potion of resistance {unknown}
 u - a potion of might {unknown}


   Skills:
 - Level 2.0 Fighting
 + Level 5.4 Ranged Weapons
 - Level 1.7 Dodging
 - Level 0.8 Stealth


You had 3 spell levels left.
You didn't know any spells.
Your spell library contained the following spells:

 Spells                   Type           Power      Damage    Failure   Level
 Apportation              Tloc           0%         N/A       54%         1
 Ensorcelled Hibernation  Hex/Ice        0%         N/A       67%         2
 Passwall                 Tmut/Erth      0%         N/A       67%         2
 Swiftness                Air            0%         N/A       88%         3
 Alistair's Intoxication  Tmut/Pois      0%         N/A       100%        5


Dungeon Overview and Level Annotations

Branches:
Dungeon (3/15)

Altars:
Okawaru

Annotations:
D:3 Crazy Yiuf


Innate Abilities, Weirdness & Mutations

You have sharp fingernails.
You regenerate a little health from kills.
A meltable shield of frost defends you. (SH +4)


Message History

You see here a +0 club.
A kobold comes into view. It is wielding a +0 dagger.
You shoot an arrow. The arrow barely misses the kobold.
The kobold shouts!
You shoot an arrow. The arrow barely misses the kobold.
No target in view!
No target in view!
No target in view!
A kobold is nearby!
You shoot an arrow. The arrow hits the kobold.
You kill the kobold!
Okawaru accepts your kill.
No target in view!
No target in view!
There is an open door here.
Could not explore, unopened runed door.
You open the door. You shoot an arrow.
Crazy Yiuf shouts!
The arrow hits Crazy Yiuf but does no damage.
Crazy Yiuf says, "Ghoul blue seventy!"
You shoot an arrow. The arrow hits Crazy Yiuf!
Crazy Yiuf is heavily wounded.
Crazy Yiuf says, "Lay high sing-song!"
You shoot an arrow.
The arrow hits Crazy Yiuf but does no damage.
Crazy Yiuf is heavily wounded.
Crazy Yiuf closely misses you.
You shoot an arrow. The arrow closely misses Crazy Yiuf.
Crazy Yiuf hits you with a +4 quarterstaff of chaos!
You feel drained.
You shoot an arrow.
The arrow hits Crazy Yiuf but does no damage.
Crazy Yiuf is heavily wounded.
Crazy Yiuf hits you with a +4 quarterstaff of chaos!
Ouch! That really hurt!
* * * LOW HITPOINT WARNING * * *
You fade into invisibility!
Crazy Yiuf hits you with a +4 quarterstaff of chaos.
You die...

###.#########
#....##....... #.#
###.....#.......
#.#
#.......#.......
#.#
#######...####..
#.# #.#..))...
#.####♣♣♣♣♣
#.#####...
#.##....♣.♣♣♣ ###
#.# ##..
#......P.♣..♣#...#
#.# #..
##......♣♣♣♣@g...#
#.# #.. ##....♣♣
♣♣#..)# #.# #..
####♣♣ ### #.# #..
#.# #.. ### #.#
#.. #.# #.# #.#


You could see Crazy Yiuf (unable to see you).

Vanquished Creatures
  2 adders
  A worm (D:2)
  5 dart slugs
  4 orcs (D:3)
  6 bats
  4 endoplasms
  3 giant cockroaches
  3 goblins
  6 hobgoblins
  2 quokkas
  5 ball pythons
  6 frilled lizards
  15 kobolds
62 creatures vanquished.

Vanquished Creatures (others)
  3 fungi (D:3)
3 creatures vanquished.

Grand Total: 65 creatures vanquished

Notes
Turn   | Place    | Note
-------+----------+-------------------------------------------
     0 | D:1      | purpskrrrp the Demonspawn Hunter began the quest for the
                  | Orb.
     0 | D:1      | Reached XP level 1. HP: 16/16 MP: 1/1
    15 | D:1      | You fall into a shaft and drop 1 floor!
    49 | D:2      | Reached skill level 4 in Ranged Weapons
    49 | D:2      | Gained mutation: A meltable shield of frost defends you.
                  | (SH +4) [demonic ancestry]
    49 | D:2      | Reached XP level 2. HP: 22/22 MP: 2/2
   193 | D:2      | Found a faded altar of an unknown god.
   218 | D:2      | Prayed at the altar of an unknown god.
   218 | D:2      | Became a worshipper of Warmaster Okawaru
   218 | D:2      | Reached * piety under Okawaru
   408 | D:2      | Gained mutation: You have sharp fingernails. [demonic
                  | ancestry]
   408 | D:2      | Reached XP level 3. HP: 27/27 MP: 3/3
  1327 | D:3      | Reached skill level 5 in Ranged Weapons
  1365 | D:3      | Gained mutation: You regenerate a little health from kills.
                  | [demonic ancestry]
  1365 | D:3      | Reached XP level 4. HP: 33/33 MP: 4/4
  1489 | D:3      | Noticed a kobold brigand
  1682 | D:3      | Found a runed translucent door.
  1683 | D:3      | Noticed Crazy Yiuf
  2431 | D:3      | Slain by Crazy Yiuf

Illustrated notes

Levels and vault maps discovered:
D:1:      saegor_arrival_simple_b, layout_rooms,
          wander_ebering_terrifying_dragon_lair
D:2:      layout_loops_ring, hellmonk_ecumenical_altar_run_dry,
          kennysheep_nondescript
D:3:      cheibrodos_thug_alley, layout_basic, minmay_misc_feat_diagonals,
          uniq_crazy_yiuf_cottage

Skill      XL: |  1  2  3 |
---------------+----------+-----
Ranged Weapons | 4 5 |  5.4
Fighting       | |  2.0
Dodging        | |  1.7
Stealth        | |  0.8

Action                   |  1- 3 |  4- 6 || total
-------------------------+-------+-------++-------
 Fire: Shortbow          |    85 |    83 ||   168
  Use: Scroll            |       |     2 ||     2
       Potion            |       |     2 ||     2
Armor: Leather armour    |     5 |     7 ||    12
Dodge: Dodged            |     5 |    11 ||    16
Block: Other             |     4 |     3 ||     7

Table legend: (Time is in decaauts)
 A = Elapsed time spent in this place.
 B = Non-inter-level travel time spent in this place.
 C = Inter-level travel time spent in this place.
 D = Time resting spent in this place.
 E = Time spent auto-exploring this place.
 F = Levels seen in this place.
 G = Mean time per level.
                   A        B        C        D        E       F      G
               +--------+--------+--------+--------+--------+-----+--------+
         Total |   2488 |   2409 |     79 |    203 |   1829 |   3 |  829.3 |
       Dungeon |   2488 |   2409 |     79 |    203 |   1829 |   3 |  829.3 |
               +--------+--------+--------+--------+--------+-----+--------+

Top non-repeatable levels by time:
     D:3: 1187 daAuts
     D:2: 923 daAuts
     D:1: 377 daAuts
